EL
TENNESSEE SMOKIES @ ALTOONA CURVE
09/23/2045
 
TOP OF THE 1ST
Tennessee Smokies batting - Pitching for Altoona Curve : LHP Ryan Rakoff
Pitching: LHP Ryan Rakoff
Batting: RHB Brian Gargis 0-0: Foul Ball, location: 2F
0-1: Foul Ball, location: 2F
0-2: Ball
1-2: Foul Ball, location: 2F
1-2: Foul Ball, location: 2F
1-2: Strikes out swinging
Batting: RHB Adam Kelliher 0-0: Ball
1-0: Foul Ball, location: 2F
1-1: Ball
2-1: Swinging Strike
2-2: Ball
3-2: Strikes out swinging
Batting: RHB Heitaro Tanaka 0-0: Ball
1-0: Foul Ball, location: 2F
1-1: Foul Ball, location: 2F
1-2: Ground out 6-3 (Groundball, 6S, EV 88.1 MPH)
Top of the 1st over - 0 runs, 0 hits, 0 errors, 0 left on base; Tennessee 0 - Altoona 0
BOTTOM OF THE 1ST
Altoona Curve batting - Pitching for Tennessee Smokies : RHP Bob Gilliam
Pitching: RHP Bob Gilliam
Batting: RHB Ron Corn 0-0: Ball
1-0: Ground out 4-3 (Groundball, 4, EV 98.8 MPH)
Batting: RHB John Goynes 0-0: SINGLE (Groundball, 6M, EV 100.0 MPH) (infield hit)
Batting: LHB Micah Boshnjaku 0-0: Ball
1-0: Ball
2-0: Ball
3-0: Base on Balls
John Goynes to second
Batting: RHB Jeremy Boerman 0-0: Grounds into double play, 5-4-3 (Groundball, 56, EV 81.9 MPH)
Bottom of the 1st over - 0 runs, 1 hit, 0 errors, 1 left on base; Tennessee 0 - Altoona 0
TOP OF THE 2ND
Tennessee Smokies batting - Pitching for Altoona Curve : LHP Ryan Rakoff
Batting: LHB Brent Dutcher 0-0: Ground out 4-3 (Groundball, 4, EV 80.0 MPH)
Batting: RHB Brian Warren 0-0: Fly out, F8 (Flyball, 8RS, EV 86.2 MPH)
Batting: LHB Brian Newton 0-0: Ball
1-0: Foul Ball, location: 2F
1-1: Swinging Strike
1-2: Foul Ball, location: 2F
1-2: Foul Ball, location: 2F
1-2: Strikes out swinging
Top of the 2nd over - 0 runs, 0 hits, 0 errors, 0 left on base; Tennessee 0 - Altoona 0
BOTTOM OF THE 2ND
Altoona Curve batting - Pitching for Tennessee Smokies : RHP Bob Gilliam
Batting: RHB Brian Moore 0-0: Called Strike
0-1: Swinging Strike
0-2: Foul Ball, location: 2F
0-2: Ball
1-2: SINGLE (Groundball, 34D, EV 107.5 MPH)
Batting: RHB Chris Pozzi 0-0: Swinging Strike
0-1: Foul Ball, location: 2F
0-2: Strikes out swinging
Batting: RHB Nelson Ozuna 0-0: Grounds into double play, 6-4-3 (Groundball, 6MS, EV 78.8 MPH)
Bottom of the 2nd over - 0 runs, 1 hit, 0 errors, 0 left on base; Tennessee 0 - Altoona 0
TOP OF THE 3RD
Tennessee Smokies batting - Pitching for Altoona Curve : LHP Ryan Rakoff
Batting: RHB Nick Kleckner 0-0: Swinging Strike
0-1: Called Strike
0-2: Ball
1-2: Strikes out looking
Batting: RHB Dylan Burke 0-0: Ball
1-0: Foul Ball, location: 2F
1-1: Fly out, F8 (Flyball, 8LM, EV 95.0 MPH)
Batting: RHB John Iddings 0-0: Called Strike
0-1: Ball
1-1: Swinging Strike
1-2: Ground out 5-3 (Groundball, 56S, EV 66.9 MPH)
Top of the 3rd over - 0 runs, 0 hits, 0 errors, 0 left on base; Tennessee 0 - Altoona 0
BOTTOM OF THE 3RD
Altoona Curve batting - Pitching for Tennessee Smokies : RHP Bob Gilliam
Batting: LHB Jesse Henly 0-0: Called Strike
0-1: Foul Ball, location: 2F
0-2: Foul Ball, location: 2F
0-2: Ground out 6-3 (Groundball, 6, EV 99.4 MPH)
Batting: RHB Keiji Nakajima 0-0: Ball
1-0: Ball
2-0: Ball
3-0: Base on Balls
Batting: RHB Ron Corn 0-0: Ball
1-0: Ball
2-0: Ball
3-0: Base on Balls
Keiji Nakajima to second
Batting: RHB John Goynes 0-0: Ball
1-0: SINGLE (Groundball, 6D, EV 104.4 MPH)
Keiji Nakajima to third
Ron Corn to second
Runner from 3rd tries for Home, SAFE, throw by LF to home
Batting: LHB Micah Boshnjaku 0-0: Ball
1-0: Ball
2-0: Called Strike
2-1: Called Strike
2-2: Hit by Pitch
Ron Corn to third
John Goynes to second
Batting: RHB Jeremy Boerman 0-0: Called Strike
0-1: Ball
1-1: Called Strike
1-2: Fielders Choice at 2nd, 3-6 (Groundball, 23, EV 78.1 MPH)
Ron Corn scores
John Goynes to third
Batting: RHB Brian Moore 0-0: Ball
1-0: Ball
2-0: Foul Ball, location: 2F
2-1: Foul Ball, location: 2F
2-2: Foul Ball, location: 2F
2-2: Ball
3-2: Base on Balls
Jeremy Boerman to second
Batting: RHB Chris Pozzi 0-0: Ball
1-0: Ball
2-0: Called Strike
2-1: Foul Ball, location: 2F
2-2: Foul Ball, location: 2F
2-2: Foul Ball, location: 2F
2-2: Ball
3-2: Foul Ball, location: 2F
3-2: Strikes out swinging
Bottom of the 3rd over - 2 runs, 1 hit, 0 errors, 3 left on base; Tennessee 0 - Altoona 2
TOP OF THE 4TH
Tennessee Smokies batting - Pitching for Altoona Curve : LHP Ryan Rakoff
Batting: RHB Brian Gargis 0-0: Called Strike
0-1: Swinging Strike
0-2: Ball
1-2: Ground out U3 (Groundball, 3S, EV 83.1 MPH)
Batting: RHB Adam Kelliher 0-0: Ball
1-0: Ball
2-0: Foul Ball, location: 2F
2-1: Foul Ball, location: 2F
2-2: SINGLE (Line Drive, 56D, EV 98.8 MPH)
Batting: RHB Heitaro Tanaka 0-0: Ball
1-0: Foul Ball, location: 2F
1-1: Grounds into double play, 4-6-3 (Groundball, 4S, EV 85.6 MPH)
Top of the 4th over - 0 runs, 1 hit, 0 errors, 0 left on base; Tennessee 0 - Altoona 2
BOTTOM OF THE 4TH
Altoona Curve batting - Pitching for Tennessee Smokies : RHP Bob Gilliam
Batting: RHB Nelson Ozuna 0-0: Ball
1-0: Ball
2-0: Ball
3-0: Called Strike
3-1: Base on Balls
Batting: LHB Jesse Henly 0-0: Called Strike
0-1: Ball
1-1: Called Strike
1-2: Ball
2-2: Ball
3-2: Foul Ball, location: 2F
3-2: Base on Balls
Nelson Ozuna to second
Batting: RHB Keiji Nakajima 0-0: Called Strike
0-1: Grounds into double play, 4-6-3 (Groundball, 4, EV 103.1 MPH)
Nelson Ozuna to third
Batting: RHB Ron Corn 0-0: Swinging Strike
0-1: Foul Ball, location: 2F
0-2: Strikes out swinging
Bottom of the 4th over - 0 runs, 0 hits, 0 errors, 1 left on base; Tennessee 0 - Altoona 2
TOP OF THE 5TH
Tennessee Smokies batting - Pitching for Altoona Curve : LHP Ryan Rakoff
Batting: LHB Brent Dutcher 0-0: Ball
1-0: SINGLE (Line Drive, 4D, EV 111.2 MPH)
Batting: RHB Brian Warren 0-0: Ball
1-0: Ball
2-0: Foul Ball, location: 2F
2-1: Foul Ball, location: 2F
2-2: Fly out, F3 (Flyball, 3D, EV 76.9 MPH)
Batting: LHB Brian Newton 0-0: Called Strike
0-1: Ball
1-1: Ball
2-1: Swinging Strike
2-2: Fly out, F4 (Line Drive, 4, EV 74.4 MPH)
Batting: RHB Nick Kleckner 0-0: Ball
1-0: Ball
2-0: Called Strike
2-1: Called Strike
2-2: Strikes out swinging
Top of the 5th over - 0 runs, 1 hit, 0 errors, 1 left on base; Tennessee 0 - Altoona 2
BOTTOM OF THE 5TH
Altoona Curve batting - Pitching for Tennessee Smokies : RHP Bob Gilliam
Batting: RHB John Goynes 0-0: Ball
1-0: Called Strike
1-1: Fly out, F8 (Flyball, 8RD, EV 102.5 MPH)
Batting: LHB Micah Boshnjaku 0-0: Ball
1-0: Ball
2-0: Ball
3-0: Base on Balls
Batting: RHB Jeremy Boerman 0-0: Swinging Strike
0-1: Called Strike
0-2: Strikes out swinging
Batting: RHB Brian Moore 0-0: Ball
1-0: Called Strike
1-1: Ball
Micah Boshnjaku is caught stealing 2nd base 2-4
Bottom of the 5th over - 0 runs, 0 hits, 0 errors, 0 left on base; Tennessee 0 - Altoona 2
TOP OF THE 6TH
Tennessee Smokies batting - Pitching for Altoona Curve : LHP Ryan Rakoff
Batting: RHB Dylan Burke 0-0: Ball
1-0: Ball
2-0: Ball
3-0: Called Strike
3-1: Fly out, F8 (Flyball, 8RM, EV 77.5 MPH)
Batting: RHB John Iddings 0-0: Ball
1-0: DOUBLE (Flyball, 78D, EV 101.9 MPH)
Batting: RHB Brian Gargis 0-0: Called Strike
0-1: Foul Ball, location: 2F
0-2: Ball
1-2: Strikes out swinging
Batting: RHB Adam Kelliher 0-0: Called Strike
0-1: Foul Ball, location: 2F
0-2: Strikes out looking
Top of the 6th over - 0 runs, 1 hit, 0 errors, 1 left on base; Tennessee 0 - Altoona 2
BOTTOM OF THE 6TH
Altoona Curve batting - Pitching for Tennessee Smokies : RHP Bob Gilliam
Pitching: LHP Mike Alexander
Batting: RHB Brian Moore 0-0: Ball
1-0: Ball
2-0: Ball
3-0: Called Strike
3-1: Ground out U3 (Groundball, 34S, EV 83.8 MPH)
Batting: RHB Chris Pozzi 0-0: Called Strike
0-1: Ball
1-1: Foul Ball, location: 2F
1-2: Ball
2-2: Ball
3-2: Foul Ball, location: 2F
3-2: Fly out, F4 (Popup, 23, EV 75.0 MPH)
Batting: RHB Nelson Ozuna 0-0: Ball
1-0: Foul Ball, location: 2F
1-1: Called Strike
1-2: Ball
2-2: Foul Ball, location: 2F
2-2: Ball
3-2: Fly out, F7 (Flyball, 78XD, EV 96.9 MPH)
Bottom of the 6th over - 0 runs, 0 hits, 0 errors, 0 left on base; Tennessee 0 - Altoona 2
TOP OF THE 7TH
Tennessee Smokies batting - Pitching for Altoona Curve : LHP Ryan Rakoff
Batting: RHB Heitaro Tanaka 0-0: Foul Ball, location: 2F
0-1: Foul Ball, location: 2F
0-2: Ground out 5-3 (Groundball, 25, EV 79.4 MPH)
Batting: LHB Brent Dutcher 0-0: Foul Ball, location: 2F
0-1: SINGLE (Groundball, 6MS, EV 80.0 MPH) (infield hit)
Batting: RHB Brian Warren 0-0: Called Strike
0-1: Ball
1-1: Foul Ball, location: 2F
1-2: Foul Ball, location: 2F
1-2: Foul Ball, location: 2F
1-2: Ball
2-2: Foul Ball, location: 2F
2-2: Ball
3-2: Ground out 6-3 (Groundball, 6, EV 77.5 MPH)
Brent Dutcher to second
Pinch Hitting: RHB Ryan Walker 0-0: Foul Ball, location: 2F
0-1: Ball
1-1: Foul Ball, location: 2F
1-2: Ground out 6-3 (Groundball, 6, EV 102.5 MPH)
Top of the 7th over - 0 runs, 1 hit, 0 errors, 1 left on base; Tennessee 0 - Altoona 2
BOTTOM OF THE 7TH
Altoona Curve batting - Pitching for Tennessee Smokies : LHP Mike Alexander
Pitching: RHP Josh Deyo
Now in RF: Bobby Gray
Batting: LHB Jesse Henly 0-0: Ball
1-0: Foul Ball, location: 2F
1-1: Called Strike
1-2: Foul Ball, location: 2F
1-2: Strikes out looking
Batting: RHB Keiji Nakajima 0-0: Ground out 3-1 (Groundball, 13, EV 83.1 MPH)
Batting: RHB Ron Corn 0-0: DOUBLE (Flyball, 78D, EV 101.2 MPH)
Batting: RHB John Goynes 0-0: Ball
Ron Corn steals 3rd base
1-0: Ball
2-0: Ball
3-0: Base on Balls
Batting: LHB Micah Boshnjaku 0-0: Foul Ball, location: 2F
0-1: Ball
1-1: Ball
2-1: Ball
3-1: Base on Balls
John Goynes to second
Batting: RHB Jeremy Boerman 0-0: Ball
1-0: Foul Ball, location: 2F
1-1: Foul Ball, location: 2F
1-2: Fielders Choice at 2nd, 6-4 (Groundball, 6, EV 79.4 MPH)
Bottom of the 7th over - 0 runs, 1 hit, 0 errors, 3 left on base; Tennessee 0 - Altoona 2
TOP OF THE 8TH
Tennessee Smokies batting - Pitching for Altoona Curve : LHP Ryan Rakoff
Pitching: RHP Doug Rawson
Batting: RHB Nick Kleckner 0-0: Ball
1-0: Called Strike
1-1: Called Strike
1-2: Strikes out looking
Batting: RHB Dylan Burke 0-0: Ball
1-0: Called Strike
1-1: Called Strike
1-2: Strikes out looking
Batting: RHB John Iddings 0-0: DOUBLE (Flyball, 78D, EV 105.6 MPH)
Batting: RHB Brian Gargis 0-0: Called Strike
0-1: Ball
1-1: Swinging Strike
1-2: Ball
2-2: SINGLE (Groundball, 34S, EV 66.2 MPH) (infield hit)
John Iddings to third
Batting: RHB Adam Kelliher 0-0: Swinging Strike
0-1: Ball
1-1: Swinging Strike
1-2: Foul Ball, location: 2F
1-2: Fly out, F8 (Line Drive, 8RM, EV 95.6 MPH)
Top of the 8th over - 0 runs, 2 hits, 0 errors, 2 left on base; Tennessee 0 - Altoona 2
BOTTOM OF THE 8TH
Altoona Curve batting - Pitching for Tennessee Smokies : RHP Josh Deyo
Pitching: RHP Jean-Paul Lefebvre
Batting: RHB Brian Moore 0-0: Swinging Strike
0-1: Ball
1-1: Ball
2-1: Ball
3-1: Base on Balls
Batting: RHB Chris Pozzi 0-0: Ball
1-0: Sac Bunt to 2L - play at first, batter OUT! 2-4
Brian Moore to second
Batting: RHB Nelson Ozuna 0-0: Swinging Strike
0-1: Ball
1-1: Swinging Strike
1-2: Strikes out looking
Batting: LHB Jesse Henly 0-0: Ball
1-0: Ball
2-0: Fly out, F7 (Line Drive, 7, EV 85.0 MPH)
Bottom of the 8th over - 0 runs, 0 hits, 0 errors, 1 left on base; Tennessee 0 - Altoona 2
TOP OF THE 9TH
Tennessee Smokies batting - Pitching for Altoona Curve : RHP Doug Rawson
Pitching: RHP Hugo Rodriguez
Batting: RHB Heitaro Tanaka 0-0: Ball
1-0: Ball
2-0: Ground out 4-3 (Groundball, 4, EV 85.0 MPH)
Batting: LHB Brent Dutcher 0-0: Foul Ball, location: 2F
0-1: Ball
1-1: Ball
2-1: Swinging Strike
2-2: SINGLE (Groundball, 34D, EV 101.9 MPH)
Batting: RHB Brian Warren 0-0: Foul Ball, location: 2F
0-1: Foul Ball, location: 2F
0-2: Ball
1-2: Strikes out swinging
Batting: RHB Bobby Gray 0-0: Called Strike
0-1: Ball
1-1: Ground out 4-3 (Groundball, 34, EV 82.5 MPH)
Top of the 9th over - 0 runs, 1 hit, 0 errors, 1 left on base; Tennessee 0 - Altoona 2
Wednesday, June 22nd , 2022 - OOTP Baseball 23.4 Build 64